 Dungeon Crawl Stone Soup version 0.19.0-19-g8c6edcc (webtiles) character file.

513 tomat the Ruffian (level 7, 0/66 HPs)
             Began as a Troll Monk on Nov 12, 2016.
             Slain by a gnoll
             ... wielding a +0 club
              (6 damage)
             ... on level 3 of the Dungeon.
             The game lasted 00:12:39 (2076 turns).

tomat the Ruffian (Troll Monk)                      Turns: 2076, Time: 00:12:40

Health: 0/66       AC:  5    Str: 21    XL:     7   Next: 0%
Magic:  6/6        EV:  6    Int:  6    God:
Gold:   123        SH:  0    Dex: 16    Spells: 0 memorised, 6 levels left

rFire  . . .     SeeInvis .       - Unarmed
rCold  + . .     Gourm    +     a - +0 robe
rNeg   . . .     Faith    .     (no shield)
rPois  .         Spirit   .     (helmet restricted)
rElec  .         Reflect  .     (no cloak)
rCorr  .         Harm     .     (gloves unavailable)
MR     .....                    (boots unavailable)
Stlth  ++........               (no amulet)
                                n - +3 ring of dexterity
                                c - ring of protection from cold

@: held
A: unfitting armour, claws 3, fast metabolism 3, gourmand, regeneration 1,
shaggy fur 1, tough skin 2
a: no special abilities


You were on level 3 of the Dungeon.
You were not hungry.

You visited 1 branch of the dungeon, and saw 3 of its levels.

You collected 123 gold pieces.

Inventory:

Armour
 a - a +0 robe (worn)
Jewellery
 c - a ring of protection from cold (left claw)
 n - a +3 ring of dexterity (right claw)
Scrolls
 d - 7 scrolls of identify {unknown}
 f - 4 scrolls of teleportation {unknown}
 j - 3 scrolls of enchant weapon {unknown}
 m - 2 scrolls of remove curse {unknown}
 p - 2 scrolls of enchant armour {unknown}
 r - a scroll of magic mapping {unknown}
Potions
 e - a potion of might
 k - a potion of lignification
 l - a potion of brilliance {unknown}
Comestibles
 b - 3 bread rations
 h - a meat ration
 o - 3 fruits


   Skills:
 + Level 2.9 Fighting
 + Level 3.5 Dodging
 + Level 2.0 Stealth
 + Level 6.3 Unarmed Combat


You had 6 spell levels left.
You didn't know any spells.

Dungeon Overview and Level Annotations

Branches:
Dungeon (3/15)

Altars:
Sif Muna


Innate Abilities, Weirdness & Mutations

You are too large for most types of armour.
You have claws for hands.
Your metabolism is lightning-fast.
You like to eat raw meat.
Your natural rate of healing is unusually fast.
You are covered in fur. (AC +1)
You have very tough skin. (AC +2)


Message History

The gnoll is moderately wounded.
You closely miss the gnoll shaman. You closely miss the gnoll shaman.
The gnoll shaman calls upon its god to speed up the gnoll.
The gnoll seems to speed up.
You barely miss the gnoll shaman.
The gnoll throws a throwing net.
The throwing net hits you.
You become entangled in the net!
You struggle against the net.
The gnoll shaman hits you with a club! The gnoll hits you but does no damage.
You struggle against the net.
The gnoll hits you with a club. The gnoll shaman hits you with a club!
* * * LOW HITPOINT WARNING * * *
It was a potion of curing.
You feel better. The gnoll closely misses you.
The gnoll shaman hits you with a club.
* * * LOW HITPOINT WARNING * * *
The gnoll hits you with a club!
* * * LOW HITPOINT WARNING * * *
It was a potion of cure mutation.
It has a very clean taste.
The gnoll hits you with a club.
You die...

#.........(....(†)...............
#P[..≈≈≈≈≈≈≈≈≈≈≈≈≈≈≈≈≈≈≈....≈≈≈≈≈
#....≈≈≈≈≈≈≈≈≈≈≈≈≈≈≈≈≈≈≈....≈≈≈≈≈
#....≈≈#####≈≈≈≈≈≈≈≈≈≈≈≈....)≈≈≈≈
#....≈≈#...#................))...
#...P≈≈#...#############''')#####
#....≈≈###+# #.......#...)#
#.)..≈≈≈.# #.......#.†..#...
#....≈≈≈.# #@g.....'....'....
#....≈≈≈.# #g################
#.P..≈≈≈.# #gK...Og# #....≈≈≈.#
#ggg...... #....≈≈≈.# #g........
#....≈≈≈.# ........#. #....≈≈≈.#
..######## #....≈≈###+# ... ..
#....≈≈#...######################


You could see a gnoll shaman, 6 gnolls and a kobold.

Vanquished Creatures
  The ghost of TheWoodenMan the Insei, an amateur OpWr (D:3)
  3 gnoll shamans (D:3)
  An orc priest (D:3)
  A hound (D:3)
  12 gnolls (D:3)
  4 adders (D:2)
  An ooze (D:3)
  2 dart slugs (D:1)
  A worm (D:2)
  3 leopard geckos (D:2)
  3 orcs (D:3)
  3 ball pythons
  5 bats
  3 giant cockroaches
  8 goblins
  5 hobgoblins
  14 jackals (D:3)
  2 quokkas
  5 frilled lizards
  7 kobolds
  8 rats
92 creatures vanquished.

Notes
Turn   | Place    | Note
-------+----------+-------------------------------------------
     0 | D:1      | tomat the Troll Monk began the quest for the Orb.
     0 | D:1      | Reached XP level 1. HP: 22/22 MP: 0/0
   224 | D:1      | Reached XP level 2. HP: 28/29 MP: 1/1
   756 | D:2      | Reached XP level 3. HP: 30/36 MP: 2/2
   828 | D:2      | Reached skill level 4 in Unarmed Combat
  1012 | D:2      | Reached XP level 4. HP: 42/44 MP: 3/3
  1278 | D:2      | Found a deep blue altar of Sif Muna.
  1468 | D:3      | Reached XP level 5. HP: 43/50 MP: 4/4
  1485 | D:3      | Noticed TheWoodenMan's ghost (amateur OpWr)
  1509 | D:3      | Killed TheWoodenMan's ghost
  1509 | D:3      | Reached skill level 5 in Unarmed Combat
  1509 | D:3      | Reached XP level 6. HP: 35/59 MP: 5/5
  1980 | D:3      | Reached skill level 6 in Unarmed Combat
  2041 | D:3      | Reached XP level 7. HP: 24/66 MP: 6/6
  2076 | D:3      | Slain by a gnoll

Skill      XL: |  1  2  3  4  5  6 |
---------------+-------------------+-----
Unarmed Combat | 4 5 6 |  6.3
Dodging        | 3 |  3.5
Stealth        | 2 |  2.0
Fighting       | |  2.9

Action                   |  1- 3 |  4- 6 |  7- 9 || total
-------------------------+-------+-------+-------++-------
Melee: Unarmed           |    82 |   148 |    10 ||   240
       Punch             |     2 |     2 |       ||     4
  Use: Potion            |       |     2 |     2 ||     4
 Stab: Sleeping          |     2 |     1 |       ||     3
  Eat: Chunk             |     9 |    11 |       ||    20
Armor: Robe              |    33 |    36 |     2 ||    71
       Skin              |       |     1 |       ||     1
Dodge: Dodged            |    43 |   103 |     5 ||   151
